Selects Airborne Battlegroup
Selects Heavy Machine Gun Paradrop
Heavy Machine Gun Paradrop
Construct Medical Station
Selects Paratrooper Squad Paradrop
Paratrooper Squad Paradrop
Heavy Machine Gun Paradrop
Mechanized Support Center
Selects Dual P-47 Rocket Strike
Designate Forward Repair Station
M4A1(76) Sherman Medium Tank
M4A1(76) Sherman Medium Tank
Paratrooper Squad Paradrop
Selects Anti-tank Gun Team Paradrop
M4A1(76) Sherman Medium Tank